 Dungeon Crawl Stone Soup version 0.20-a0-1116-gaa52201 (webtiles) character file.

16608 MenacingMecha the Spear-Bearer (level 12, -1/83 HPs)
             Began as a Human Skald on May 7, 2017.
             Was an Elder of Kikubaaqudgha.
             Shot with an arrow by a centaur (2 damage)
             ... on level 1 of the Lair of Beasts.
             The game lasted 01:27:25 (22491 turns).

MenacingMecha the Spear-Bearer (Human Skald)       Turns: 22491, Time: 01:27:25

Health: -1/83      AC:  8    Str: 14    XL:     12   Next: 72%
Magic:  14/18      EV: 18    Int: 16    God:    Kikubaaqudgha [****..]
Gold:   75         SH:  6    Dex: 24    Spells: 3/20 levels left

rFire    . . .     SeeInvis .   q - +2 trident (venom)
rCold    + . .     Gourm    .   y - +0 buckler
rNeg     . . .     Faith    .   a - +0 leather armour "Tetz" {*Drain rPois MR+ Dex+5}
rPois    +         Spirit   .   (helmet restricted)
rElec    .         Reflect  .   b - +2 cloak {rPois} {rPois}
rCorr    .         Harm     .   e - +1 pair of gloves {Dex+3} {Dex+3}
MR       +....                  (no boots)
Stlth    ++........             (no amulet)
Regen    0.3/turn               R - ring of protection from cold {rC+}
MPRegen  0.2/turn               B - +3 ring of intelligence

@: infused
A: antennae 1, talons 1, MP-powered wands
a: Receive Corpses, Renounce Religion


You were on level 1 of the Lair of Beasts.
You worshipped Kikubaaqudgha.
Kikubaaqudgha was greatly pleased with you.
You were not hungry.

You visited 4 branches of the dungeon, and saw 15 of its levels.
You also visited: Ossuary.

You collected 869 gold pieces.
You spent 794 gold pieces at shops.

Inventory:

Hand Weapons
 q - a +2 trident of venom (weapon)
   (You bought it in a shop on level 6 of the Dungeon)
Missiles
 A - 2 throwing nets
 M - 10 tomahawks of returning (quivered)
Armour
 a - the +0 leather armour "Tetz" (worn) {*Drain rPois MR+ Dex+5}
   (You found it on level 9 of the Dungeon)

   It affects your dexterity (+5).
   It protects you from poison.
   It affects your resistance to hostile enchantments.
   It causes draining when unequipped.
 b - a +2 cloak of poison resistance (worn) {rPois}
   (You bought it in a shop on level 1 of the Orcish Mines)
 e - a +1 pair of gloves of dexterity (worn) {Dex+3}
   (You bought it in a shop on level 6 of the Dungeon)
 y - a +0 buckler (worn)
   (You bought it in a shop on level 6 of the Dungeon)
 L - a +0 troll leather armour {TLA, regen}
   (You found it on level 9 of the Dungeon)
Jewellery
 o - an uncursed ring of flight {+Fly}
   (You found it on level 3 of the Dungeon)
 x - an uncursed ring of protection from cold {rC+}
   (You found it on level 5 of the Dungeon)
 B - a +3 ring of intelligence (right hand)
   (You found it on level 8 of the Dungeon)
 H - an uncursed ring of resist corrosion
   (You found it on level 1 of the Lair of Beasts)
 R - a ring of protection from cold (left hand) {rC+}
   (You found it on level 5 of the Dungeon)
Wands
 m - a wand of lightning (10/15)
   (You found it on level 5 of the Dungeon)
 n - a wand of lightning (9/15)
   (You found it on level 6 of the Dungeon)
 w - a wand of digging (9/24)
   (You found it on level 10 of the Dungeon)
 P - a wand of flame (28/48)
   (You took it off an orc priest on level 10 of the Dungeon)
Scrolls
 f - 3 scrolls of recharging
 h - a scroll of enchant armour
 i - 2 scrolls of remove curse
 k - 2 scrolls of teleportation
 p - 5 scrolls of identify
 t - a scroll of immolation
 G - a scroll of fear
 K - 2 scrolls of magic mapping
Potions
 g - a potion of cancellation
 l - 5 potions of curing
 v - a potion of brilliance
 Q - a potion of ambrosia
Miscellaneous
 s - a fan of gales
   (You found it on level 2 of the Lair of Beasts)
 I - a phantom mirror
Comestibles
 d - 12 bread rations


   Skills:
 - Level 4.2 Fighting
 + Level 13.2 Polearms
 - Level 2.0 Armour
 - Level 7.0 Dodging
 - Level 4.1 Shields
 - Level 4.5 Spellcasting
 - Level 6.2 Hexes
 - Level 5.0 Charms
 - Level 7.0 Necromancy
 - Level 3.0 Translocations


You had 3 spell levels left.
You knew the following spells:

 Your Spells              Type           Power        Failure   Level  Hunger
a - Infusion              Chrm           ###.         2%          1    None
b - Blink                 Tloc           N/A          9%          2    ##.....
r - Regeneration          Chrm/Necr      ###.......   4%          3    ###....
s - Shroud of Golubria    Chrm/Tloc      ###.......   5%          2    ##.....
z - Spectral Weapon       Hex/Chrm       ###.....     6%          3    ###....
A - Animate Dead          Necr           N/A          11%         4    ####...
S - Song of Slaying       Chrm           ###.....     3%          2    ##.....


Dungeon Overview and Level Annotations

Branches:
Dungeon (11/15)            Temple (1/1) D:6            Lair (2/6) D:11
    Orc (1/2) D:10
  Swamp: Lair:2-4    Shoals: Lair:2-4     Snake: Lair:2-4    Spider: Lair:2-4

Altars:
Ashenzari
Cheibriados
Dithmenos
Elyvilon
Fedhas
Gozag
Hepliaklqana
Kikubaaqudgha
Makhleb
Nemelex Xobeh
Okawaru
Qazlal
Ru
Sif Muna
Trog
Uskayaw
Vehumet
Wu Jian
Xom
Yredelemnul
Zin
The Shining One

Shops:
D:4 ?   D:6 (*[(*   D:7 ?   Orc:1 [

Annotations:
D:9 two headed ogre
D:11 Snorg
Lair:2 exclusions: 2 hydras and 3 oklob plants
Orc:1 Erolcha


Innate Abilities, Weirdness & Mutations

You have a pair of small antennae on your head.
You have sharp toenails.
You expend magic power (3 MP) to strengthen your wands.


Message History

Your spectral weapon fades away.
You start resting.
Magic restored.
You start resting.
You are near starving!
You start resting.
HP restored.
You eat one of the 13 bread rations.
That bread ration really hit the spot!
There is a staircase back to the Dungeon here.
You can't go down here!
You climb upwards.
Welcome back to the Dungeon!
Level annotation: Snorg The centaur unwields an uncursed shortbow.
The centaur completely misses you. The yak barely misses you. x2
The centaur unwields an uncursed shortbow.
The centaur misses you.
There is a staircase to the Lair, spattered with blood here.
You see here 7 arrows.
The centaur shoots an arrow.
The arrow completely misses you.
The centaur wields a shortbow.
The centaur shoots an arrow.
The arrow completely misses you.
The arrow hits the yak.
You block the centaur's attack.
The centaur shoots an arrow.
The arrow barely misses you.
The arrow hits the fungus!
You block the yak's attack. The centaur hits you. The yak barely misses you.
The centaur shoots an arrow.
The arrow hits you!
You climb downwards.
Welcome back to the Lair of Beasts!
There is a staircase back to the Dungeon here.
The centaur hits you but does no damage.
The centaur hits you. The yak closely misses you.
The centaur barely misses you. The yak gores you!
You climb upwards.
Welcome back to the Dungeon!
Level annotation: Snorg The yak bellows!
The centaur shoots an arrow.
You block the arrow.
The centaur shoots an arrow.
The arrow barely misses you.
The arrow hits the yak!
The centaur shoots an arrow.
The arrow closely misses you.
The arrow closely misses the centaur.
The arrow hits the plant.
The centaur shoots an arrow.
The arrow hits you but does no damage.
There is a staircase to the Lair, spattered with blood here.
You see here 10 arrows.
The centaur shoots an arrow.
The arrow completely misses you.
The arrow closely misses the centaur.
The arrow hits the plant!
The centaur hits you. The centaur closely misses you.
The yak closely misses you. The yak gores you. The centaur hits you.
You climb downwards.
Welcome back to the Lair of Beasts!
There is a staircase back to the Dungeon here.
Casting: Spectral Weapon
Confirm with . or Enter, or press ? or * to list all spells.
You draw out your weapon's spirit!
You block the centaur's attack. x2
The yak gores you but does no damage. The yak gores you!
The centaur completely misses you.
Casting: Spectral Weapon
Confirm with . or Enter, or press ? or * to list all spells.
You begin infusing your attacks with magical energy.
The centaur misses you. The centaur hits you. The yak closely misses you.
The centaur barely misses you. The yak misses you.
You barely miss the centaur.
Your spectral weapon hits the centaur from afar.
The centaur closely misses you. x2; The yak completely misses you.
The yak gores you!
You barely miss the centaur. You claw the centaur, but do no damage.
The centaur is lightly wounded.
Your spectral weapon hits the centaur but does no damage.
The centaur hits you. The centaur misses you.
The centaur hits you but does no damage.
You hit the centaur. You claw the centaur, but do no damage.
The centaur is lightly wounded.
Your spectral weapon closely misses the centaur.
The yak gores you.
* * * LOW HITPOINT WARNING * * *
The yak barely misses you. The centaur hits you.
* * * LOW HITPOINT WARNING * * *
You hit the yak.
The yak is poisoned.
You claw the yak, but do no damage.
The yak is lightly wounded.
Your spectral weapon hits the yak.
The yak looks as sick as possible!
The centaur hits you.
* * * LOW HITPOINT WARNING * * *
The centaur hits you.
* * * LOW HITPOINT WARNING * * *
The yak misses you. x2; The centaur completely misses you.
The centaur barely misses you.
The centaur wields an uncursed shortbow.
The centaur shoots an arrow.
You block the arrow.
The centaur wields an uncursed shortbow.
The centaur shoots an arrow.
You block the arrow. The yak closely misses you.
You see here 2 arrows.
The centaur shoots an arrow.
The arrow hits you.
* * * LOW HITPOINT WARNING * * *
The yak gores your spectral weapon!
Your spectral weapon shares its damage with you!
* * * LOW HITPOINT WARNING * * *
You see here an arrow.
The centaur unwields an uncursed shortbow.
The centaur barely misses you. The centaur hits your spectral weapon.
Your spectral weapon shares its damage with you!
Your spectral weapon fades away.
* * * LOW HITPOINT WARNING * * *
The centaur shoots an arrow.
The arrow hits you.
You die...
Kikubaaqudgha rasps: "You have failed me!
Welcome... death!"

.#.......#..........(.............#
.+.#.⌠...+...⌠......<.......#.....#
..............................#....
............##...#.(..........#...#
##........#.................####...
#..##+#....######cYY...............
..#....##..÷..# #c..#..............
........#....## #..##..............
..#⌠.⌠.⌠..#..####@.................
..#.....#..........................
..#..⌠.##..#..#..##♣♣♣...♣P........
....####.##..P##.♣♣.♣.P...♣♣♣......
.#...........P#♣♣.♣♣.♣...♣.P♣......
....##...##....P...♣♣....♣♣♣.P.....
...###..#####..P♣P♣.♣♣....♣..♣♣....
#..P##†## #.♣♣♣♣♣♣♣♣P....♣P♣P....
##.###.## #..♣.♣PP.....P.♣♣P♣....


You could see 2 yaks and 2 centaurs.

Vanquished Creatures
  A hydra (Lair:2)
  Nergalle (Lair:1)
  An ugly thing (D:11)
  An orc sorcerer (Orc:1)
  A black mamba (Lair:1)
  A gargoyle (D:10)
  5 spiny frogs
  A komodo dragon (Lair:2)
  3 trolls
  3 polar bears
  Grinder (D:5)
  3 blink frogs (Lair:1)
  A hornet (D:11)
  2 hippogriffs
  A wyvern (D:11)
  6 yaks (Lair:1)
  A basilisk (D:11)
  Menkaure (D:4)
  Edmund (D:5)
  2 wargs
  9 water moccasins
  A hornet zombie (D:4)
  6 orc warriors
  A porcupine (Lair:1)
  5 ice beasts
  2 sky beasts (D:7)
  4 crocodiles
  3 phantoms
  10 ogres
  8 centaurs
  2 big kobolds
  12 bullfrogs
  A scorpion (D:6)
  A water moccasin skeleton (D:7)
  8 killer bees
  5 wights
  6 howler monkeys
  6 crimson imps
  3 hounds
  12 orc priests
  3 jellies
  2 bullfrog skeletons (D:6)
  14 worker ants
  Natasha (thrice) (D:3)
  7 iguanas
  11 orc wizards
  A hound skeleton (D:4)
  Robin (D:3)
  5 gnolls
  16 adders
  2 shadow imps
  2 adder skeletons
  4 worms
  2 dart slugs (D:3)
  5 leopard geckos
  39 orcs
  7 bats
  9 giant cockroaches
  18 goblins
  14 hobgoblins
  16 jackals
  15 kobolds
  3 quokkas
  3 ball pythons
  4 frilled lizards
  A jackal zombie (Ossuary)
  3 kobold zombies (Ossuary)
  An orc zombie (Ossuary)
  A quokka skeleton (D:6)
  11 rats
  12 plants (Lair:2)
377 creatures vanquished.

Vanquished Creatures (others)
  An orc (Orc:1)
  6 plants
  6 spectral weapons
13 creatures vanquished.

Grand Total: 390 creatures vanquished

Notes
Turn   | Place    | Note
-------+----------+-------------------------------------------
     0 | D:1      | MenacingMecha the Human Skald began the quest for the Orb.
     0 | D:1      | Reached XP level 1. HP: 16/16 MP: 3/3
    90 | D:1      | Reached XP level 2. HP: 10/22 MP: 5/5
   537 | D:1      | Reached skill level 3 in Polearms
   678 | D:1      | Learned a level 2 spell: Song of Slaying
   681 | D:1      | Learned a level 2 spell: Shroud of Golubria
   714 | D:1      | Reached XP level 3. HP: 25/27 MP: 0/6
  1221 | D:2      | Reached XP level 4. HP: 33/33 MP: 4/7
  1224 | D:2      | Reached skill level 4 in Polearms
  1263 | D:2      | Found a hide-covered altar of Uskayaw.
  1687 | D:2      | Found a faded altar of an unknown god.
  1747 | D:2      | Reached XP level 5. HP: 33/38 MP: 8/8
  1919 | D:3      | Noticed Grinder
  1920 | D:3      | Paralysed by Grinder for 7 turns
  2279 | D:3      | Reached skill level 5 in Polearms
  2562 | D:3      | Noticed Robin
  2664 | D:3      | Killed Robin
  2813 | D:3      | Found an ornate altar of the Wu Jian Council.
  2820 | D:3      | Found a glowing golden altar of the Shining One.
  2891 | D:3      | Reached XP level 6. HP: 42/44 MP: 4/9
  3130 | D:3      | Found a blossoming altar of Fedhas.
  3132 | D:3      | Noticed Natasha
  3139 | D:3      | Killed Natasha
  3189 | D:4      | Noticed Menkaure
  3239 | D:3      | Reached skill level 6 in Polearms
  3448 | D:4      | Found a shattered altar of Ashenzari.
  3490 | D:4      | Learned a level 3 spell: Spectral Weapon
  3825 | D:4      | Noticed an ogre
  4082 | D:3      | Noticed Natasha
  4096 | D:3      | Killed Natasha
  4130 | D:3      | Noticed Natasha
  4136 | D:3      | Killed Natasha
  4186 | D:3      | Reached XP level 7. HP: 36/50 MP: 4/10
  4191 | D:3      | Reached skill level 7 in Polearms
  5150 | D:3      | Reached skill level 4 in Charms
  5199 | D:5      | Entered Level 5 of the Dungeon
  5199 | D:5      | Found a shadowy altar of Dithmenos.
  5474 | D:4      | Found Jaojaimoemp's Magic Scroll Shoppe.
  5493 | D:3      | HP: 4/50 [orc priest/divine providence (14)]
  5968 | D:3      | Reached skill level 5 in Charms
  6923 | D:4      | HP: 11/50 [hornet zombie (8)]
  6926 | D:4      | Reached XP level 8. HP: 12/56 MP: 1/11
  7300 | D:6      | Found Otegy's Antique Weapon Emporium.
  7385 | D:6      | Found Ahoxe's Assorted Antiques.
  7388 | D:6      | Bought a glowing trident for 201 gold pieces
  7405 | D:6      | Found Xoorump's General Store.
  7410 | D:6      | Found a basalt altar of Yredelemnul.
  7447 | D:6      | Found Gyaram's Antique Armour Emporium.
  7458 | D:6      | Reached skill level 8 in Polearms
  7607 | D:6      | Found a sand-covered staircase.
  7626 | Ossuary  | Entered an ossuary
  7626 | Ossuary  | Noticed xsansara's ghost (novice GrCK)
  7643 | Ossuary  | HP: 14/56 [hound zombie (2)]
  8011 | D:6      | Found Yqiug's Weapon Shop.
  8065 | D:6      | Found a staircase to the Ecumenical Temple.
  8117 | D:7      | Found Siuwk's Magic Scroll Boutique.
  8125 | D:7      | Bought a scroll of teleportation for 42 gold pieces
  8288 | D:7      | Reached skill level 9 in Polearms
  8716 | D:6      | Reached XP level 9. HP: 60/61 MP: 12/12
  8761 | D:6      | Reached skill level 10 in Polearms
  9307 | Temple   | Entered the Ecumenical Temple
  9323 | Temple   | Became a worshipper of Kikubaaqudgha
 10265 | D:5      | Reached skill level 3 in Dodging
 10446 | D:5      | Reached skill level 4 in Dodging
 11149 | D:6      | Bought a buckler for 117 gold pieces
 11209 | D:7      | Reached skill level 5 in Dodging
 11425 | D:8      | Reached * piety under Kikubaaqudgha
 11425 | D:8      | Identified Kikubaaqudgha's Tome of Unholy Rituals (Kikubaaqudgha gifted it to you on level 8 of the Dungeon)
 11425 | D:8      | Received a gift from Kikubaaqudgha
 11435 | D:8      | Learned a level 3 spell: Regeneration
 11510 | D:8      | Noticed a two-headed ogre
 11542 | D:7      | Gained mutation: Your body sometimes deteriorates upon taking damage. [mutagenic meat]
 11543 | D:7      | Gained mutation: You are dopey. (Int -2) [mutagenic meat]
 11544 | D:7      | Lost mutation: You are dopey. (Int -2) [mutagenic meat]
 11545 | D:7      | Gained mutation: You are partially covered in thin metallic scales. (AC +2) [mutagenic meat]
 11800 | D:7      | Reached skill level 11 in Polearms
 12303 | D:7      | Reached skill level 3 in Fighting
 12615 | D:8      | Reached XP level 10. HP: 65/70 MP: 13/13
 12777 | D:8      | Found a white marble altar of Elyvilon.
 13461 | D:8      | Found an iron altar of Okawaru.
 13707 | D:9      | Reached skill level 12 in Polearms
 13763 | D:9      | Noticed a two-headed ogre
 13856 | D:9      | HP: 17/70 [troll (6)]
 13857 | D:9      | Reached skill level 2 in Shields
 14066 | D:9      | Reached ** piety under Kikubaaqudgha
 14066 | D:9      | Reached skill level 3 in Shields
 14235 | D:9      | Reached skill level 4 in Shields
 14259 | D:9      | Learned a level 2 spell: Blink
 14494 | D:9      | Reached skill level 1 in Translocations
 14577 | D:9      | Reached skill level 2 in Translocations
 14809 | D:9      | Reached skill level 3 in Translocations
 14922 | D:9      | Noticed a two-headed ogre
 14979 | D:10     | Entered Level 10 of the Dungeon
 15012 | D:10     | Reached skill level 2 in Armour
 15019 | D:10     | Reached skill level 1 in Hexes
 15029 | D:10     | Noticed a gargoyle
 15107 | D:9      | Reached skill level 2 in Hexes
 15277 | D:10     | Reached skill level 3 in Hexes
 15467 | D:10     | Reached *** piety under Kikubaaqudgha
 15467 | D:10     | Identified Kikubaaqudgha's Almanac of Sinister Rites (Kikubaaqudgha gifted it to you on level 10 of the Dungeon)
 15467 | D:10     | Received a gift from Kikubaaqudgha
 15646 | D:10     | Reached skill level 4 in Hexes
 15822 | D:10     | Reached XP level 11. HP: 72/75 MP: 10/14
 15939 | D:10     | Found a staircase to the Orcish Mines.
 16387 | D:10     | HP: 15/75 [orc warrior/hand axe (14)]
 16393 | D:10     | HP: 5/75 [orc warrior/hand axe (13)]
 16401 | D:10     | HP: 5/75 [orc warrior/hand axe (5)]
 16404 | D:10     | Reached skill level 5 in Hexes
 16411 | D:10     | HP: 7/75 [orc wizard/dagger (1)]
 16654 | D:11     | Noticed Snorg
 16720 | D:10     | Reached skill level 6 in Hexes
 16740 | D:10     | Reached **** piety under Kikubaaqudgha
 16822 | D:5      | Killed Grinder
 16917 | D:5      | Reached skill level 3 in Spellcasting
 16943 | D:5      | Noticed Edmund
 16953 | D:5      | Killed Edmund
 17068 | D:5      | Learned a level 4 spell: Animate Dead
 17363 | D:4      | Reached skill level 4 in Spellcasting
 17435 | D:4      | Killed Menkaure
 17696 | D:11     | Paralysed by a hornet for 2 turns
 17987 | D:11     | Noticed a purple ugly thing
 17995 | D:11     | Killed a purple ugly thing
 17995 | D:11     | Reached skill level 6 in Dodging
 18095 | D:11     | Found a staircase to the Lair.
 18314 | D:10     | Lost mutation: Your body sometimes deteriorates upon taking damage. [potion of mutation]
 18314 | D:10     | Lost mutation: You are partially covered in thin metallic scales. (AC +2) [potion of mutation]
 18314 | D:10     | Gained mutation: You expend magic power (3 MP) to strengthen your wands. [potion of mutation]
 18314 | D:10     | Gained mutation: You have sharp toenails. [potion of mutation]
 18314 | D:10     | Gained mutation: You have a pair of small antennae on your head. [potion of mutation]
 18453 | D:6      | Bought a pair of glowing gloves for 232 gold pieces
 18582 | D:10     | Reached skill level 7 in Dodging
 18671 | Lair:1   | Entered Level 1 of the Lair of Beasts
 19225 | Lair:1   | Reached XP level 12. HP: 46/81 MP: 10/18
 19313 | Lair:1   | Reached skill level 13 in Polearms
 19427 | Lair:1   | Noticed Nergalle
 19444 | Lair:1   | Killed Nergalle
 19706 | Lair:1   | Reached skill level 4 in Fighting
 20118 | Lair:1   | Reached skill level 1 in Necromancy
 20131 | Lair:1   | Reached skill level 2 in Necromancy
 20182 | Lair:2   | Reached skill level 3 in Necromancy
 20343 | Lair:2   | Noticed a seven-headed hydra
 20495 | Lair:2   | Reached skill level 4 in Necromancy
 20686 | Lair:2   | Noticed a five-headed hydra
 20771 | Lair:2   | Noticed a four-headed hydra
 20778 | Lair:2   | Killed a four-headed hydra
 20778 | Lair:2   | Reached skill level 5 in Necromancy
 21447 | Orc:1    | Entered Level 1 of the Orcish Mines
 21511 | Orc:1    | Reached skill level 6 in Necromancy
 21598 | Orc:1    | Found Geoku's Antique Armour Shoppe.
 21606 | Orc:1    | Bought a glowing cloak for 202 gold pieces
 21625 | Orc:1    | Noticed Erolcha
 21772 | D:9      | Got a pitted leather armour
 21785 | D:9      | Identified the +0 leather armour "Tetz" {*Drain rPois MR+ Dex+5} (You found it on level 9 of the Dungeon)
 22340 | Lair:1   | Reached skill level 7 in Necromancy
 22483 | Lair:1   | HP: 20/83 [yak (5)]
 22488 | Lair:1   | HP: 7/83 [centaur/arrow (4)]
 22488 | Lair:1   | HP: 1/83 [yak (6)]
 22491 | Lair:1   | Shot with an arrow by a centaur

Vault maps used:
D:1:      eino_arrival_water_cross, minmay_split_cup_small
D:2:      nicolae_overflow_crystal_walls, chequers_ecumenical_altar_simple
D:3:      minitemple, fedhas_altar_fruit_tree, first_bread, uniq_robin,
          uniq_grinder, uniq_natasha
D:4:      serial_shops, nicolae_shop_behind_doors, cheibrodos_ashenzari_chains,
          uniq_menkaure
D:5:      minmay_misc_feat_pillars, minivault_26,
          nicolae_dithmenos_shadow_blocks, uniq_edmund
D:6:      overflow_temple_1_default, minmay_temple_entry_from_below_a,
          serial_shops, nicolae_shop_window_shopping, nicolae_shop_stone,
          nicolae_shop_stone, nicolae_shop_temple_entry_statues_fountains,
          kennysheep_little_box, enter_ossuary_2, kennysheep_decorative_pillar
D:7:      serial_shops, shop_statue, grunt_ogre_cave, grunt_ministairs_2
D:8:      elyvilon_altar_3, okawaru_gym_becter
D:9:      wad_crossroads
D:10:     erik_orc_3, nrook_loot_triangle
D:11:     david_lair_generic, serial_shops, shop, minivault_19,
          serial_bayou_crossing, uniq_snorg
Temple:   regret_index_temple_sphere_string
Lair:1:   minivault_23, wad_woods_road_01, minivault_27, grunt_megastairs_1,
          uniq_nergalle
Lair:2:   wad_woods_structure_01, minmay_snake_entry_guardpost_medium,
          cheibrodos_lair_lostbears, minmay_lair_oklob_chamber
Orc:1:    serial_shops, shop, nicolae_shop_overgrown_old_shop, uniq_erolcha
Ossuary:  ossuary_minmay_tomb_2a

Skill      XL: |  1  2  3  4  5  6  7  8  9 10 11 12 |
---------------+-------------------------------------+-----
Polearms       | 3 4 5 6 7 9 11 12 13 | 13.2
Charms         | 5 |  5.0
Dodging        | 5 7 |  7.0
Fighting       | 3 4 |  4.2
Shields        | 4 |  4.1
Translocations | 3 |  3.0
Armour         | 2 |  2.0
Hexes          | 4 6 |  6.2
Spellcasting   | 4 |  4.5
Necromancy     | 7 |  7.0

Action                   |  1- 3 |  4- 6 |  7- 9 | 10-12 || total
-------------------------+-------+-------+-------+-------++-------
Melee: Spear             |   125 |   256 |   240 |       ||   621
       Trident           |       |       |   289 |   992 ||  1281
       Kick              |       |       |       |   200 ||   200
 Cast: Infusion          |     3 |    18 |    33 |    38 ||    92
       Song of Slaying   |     1 |       |       |     1 ||     2
       Spectral Weapon   |       |       |     1 |    41 ||    42
       Regeneration      |       |       |       |     2 ||     2
  Use: Scroll            |     2 |       |    10 |     8 ||    20
       Potion            |       |     2 |     4 |     5 ||    11
 Stab: Distracted        |       |       |       |     6 ||     6
  Eat: Chunk             |     1 |     8 |    30 |    24 ||    63
       Royal jelly       |       |     1 |       |       ||     1
       Fruit             |       |       |     1 |     8 ||     9
       Meat ration       |       |       |       |     1 ||     1
       Bread ration      |       |       |       |     1 ||     1
Armor: Leather armour    |     9 |       |       |     7 ||    16
       Ring mail         |    34 |    66 |   172 |    29 ||   301
       Troll leather arm |       |       |       |    82 ||    82
Dodge: Dodged            |    70 |   121 |   273 |   421 ||   885
Block: Buckler           |       |       |       |   138 ||   138

Vault maps used:
D:1:      eino_arrival_water_cross, minmay_split_cup_small
D:2:      nicolae_overflow_crystal_walls, chequers_ecumenical_altar_simple
D:3:      minitemple, fedhas_altar_fruit_tree, first_bread, uniq_robin,
          uniq_grinder, uniq_natasha
D:4:      serial_shops, nicolae_shop_behind_doors, cheibrodos_ashenzari_chains,
          uniq_menkaure
D:5:      minmay_misc_feat_pillars, minivault_26,
          nicolae_dithmenos_shadow_blocks, uniq_edmund
D:6:      overflow_temple_1_default, minmay_temple_entry_from_below_a,
          serial_shops, nicolae_shop_window_shopping, nicolae_shop_stone,
          nicolae_shop_stone, nicolae_shop_temple_entry_statues_fountains,
          kennysheep_little_box, enter_ossuary_2, kennysheep_decorative_pillar
D:7:      serial_shops, shop_statue, grunt_ogre_cave, grunt_ministairs_2
D:8:      elyvilon_altar_3, okawaru_gym_becter
D:9:      wad_crossroads
D:10:     erik_orc_3, nrook_loot_triangle
D:11:     david_lair_generic, serial_shops, shop, minivault_19,
          serial_bayou_crossing, uniq_snorg
Temple:   regret_index_temple_sphere_string
Lair:1:   minivault_23, wad_woods_road_01, minivault_27, grunt_megastairs_1,
          uniq_nergalle
Lair:2:   wad_woods_structure_01, minmay_snake_entry_guardpost_medium,
          cheibrodos_lair_lostbears, minmay_lair_oklob_chamber
Orc:1:    serial_shops, shop, nicolae_shop_overgrown_old_shop, uniq_erolcha
Ossuary:  ossuary_minmay_tomb_2a

Table legend:
 A = Turns spent in this place as a percentage of turns spent in the entire game.
 B = Non-inter-level travel turns spent in this place as a percentage of non-inter-level travel turns spent in the entire game.
 C = Inter-level travel turns spent in this place as a percentage of turns spent in this place.
 D = Turns resting spent in this place as a percentage of non-inter-level travel turns spent in this place.
 E = Turns spent auto-exploring this place as a percentage of non-inter-level travel turns spent in this place.
 F = Non-inter-level travel turns spent in this place divided by the number of levels of this place that you've seen.
                   A       B       C       D       E      F
               +-------+-------+-------+-------+-------+----------------------
         Total | 100.0 | 100.0 |   0.8 |   5.9 |   2.0 | 544.5
       Dungeon |  81.5 |  81.4 |   0.9 |   6.0 |   1.9 | 644.6
        Temple |   0.3 |   0.3 |   3.4 |   0.0 |  78.6 |  28.0
          Lair |  16.4 |  16.5 |   0.3 |   5.8 |   1.6 | 720.0
  Orcish Mines |   1.5 |   1.6 |   0.0 |   5.1 |   0.0 | 136.0
       Ossuary |   0.2 |   0.2 |   0.0 |   0.0 |   0.0 |  17.0
               +-------+-------+-------+-------+-------+----------------------

Table legend:
 A = Kills in this place as a percentage of kills in entire the game.
 B = Kills by you in this place as a percentage of kills by you in the entire game.
 C = Kills by friends in this place as a percentage of kills by friends in the entire game.
 D = Other kills in this place as a percentage of other kills in the entire game.
 E = Experience gained in this place as a percentage of experience gained in the entire game.
 F = Experience gained in this place divided by the number of levels of this place that you have seen.
                   A       B       C       D       E      F
               +-------+-------+-------+-------+-------+----------------------
         Total | 100.0 | 100.0 |  -nan |  -nan | 100.0 | 1482.9
       Dungeon |  86.3 |  86.3 |  -nan |  -nan |  54.9 | 1184.5
          Lair |  11.0 |  11.0 |  -nan |  -nan |  41.4 | 4907.5
  Orcish Mines |   1.4 |   1.4 |  -nan |  -nan |   3.7 | 877.0
       Ossuary |   1.4 |   1.4 |  -nan |  -nan |   0.0 |   5.0
               +-------+-------+-------+-------+-------+----------------------
